AoeStats
← viverodn17

Black Forest

504816872Analyzed
4v4 RM · 26d ago on Sep 6, 2026· 53m 27s· 8 players
Game mode
Random Map
Map size
Large (8 player)
Population
200
Speed
Normal
Resources
Standard
Victory
Conquest
Starting age
Dark Age
Ending age
Imperial Age
RankedLock teamsTeams togetherTeam positionsShared explorationLock speedFull tech treeHidden civsTurbo modeCheats
Victory
Defeat
🇺🇸 Slavs · United States
998
+16
🇺🇸 Franks · United States
991
+17
🇨🇱 Chinese · Chile
977
+17
🇺🇸 Burgundians · United States
967
+18
🇪🇸 Persians · Spain
1081
-20
🇩🇪 Britons · Germany
1003
-17
🇵🇱 Huns · Poland
998
-48
🇪🇸 Spanish · Spain
926
-14
Mr Ben Wayde
5:34 Loom
11:56 Feudal Age
17:49 Castle Age
16:15 Double-Bit Axe
16:13 Horse Collar
17:54 Cavalier
21:07 Husbandry
21:19 Scale Barding Armor
26:20 Gold Mining
29:04 Bow Saw
28:58 Heavy Plow
32:29 Imperial Age
33:29 Wheelbarrow
34:36 Two-Man Saw
36:31 Chemistry
35:53 Ballistics
35:31 Fletching
38:26 Hand Cart
42:22 Crop Rotation
42:35 Gold Shaft Mining
44:52 Stone Mining
44:54 Paladin
48:48 Murder Holes
49:06 Forging
49:16 Chain Barding Armor
Violet storm
11:45 Feudal Age
13:52 Loom
14:17 Double-Bit Axe
16:57 Castle Age
19:29 Bow Saw
22:59 Wheelbarrow
28:28 Hand Cart
28:27 Gold Mining
28:28 Stone Mining
29:12 Scale Barding Armor
29:22 Town Watch
32:23 Imperial Age
29:59 Husbandry
30:50 Chain Barding Armor
31:00 Ballistics
30:45 Town Patrol
31:54 Forging
31:36 Fletching
32:59 Caravan
32:46 Cavalier
35:23 Plate Barding Armor
35:27 Iron Casting
35:36 Gold Shaft Mining
35:14 Paladin
37:37 Blast Furnace
37:08 Masonry
38:53 Hoardings
38:46 Conscription
40:10 #83
41:02 Bodkin Arrow
41:09 Padded Archer Armor
42:56 Chemistry
42:02 Siege Engineers
43:25 Chivalry
43:57 Elite Skirmisher
47:49 Light Cavalry
jose.salazar29
0:32 Loom
12:00 Feudal Age
16:01 Castle Age
14:15 Horse Collar
14:45 Double-Bit Axe
15:36 Gold Mining
16:07 Stone Mining
16:24 Town Watch
16:47 Town Watch
17:18 Heavy Plow
25:44 Gold Shaft Mining
25:46 Stone Shaft Mining
25:59 Fervor
26:34 Wheelbarrow
27:39 Fletching
27:51 Padded Archer Armor
27:54 Caravan
28:52 Crossbowman
29:37 Thumb Ring
30:05 Bodkin Arrow
30:26 Leather Archer Armor
36:21 Imperial Age
36:50 Arbalester
37:52 Bracer
38:23 Ring Archer Armor
37:22 Heavy Rocket Cart
37:59 Capped Ram
40:24 Chemistry
39:50 Ballistics
39:45 Masonry
40:07 Fortified Wall
39:50 Elite Skirmisher
41:56 Siege Ram
49:07 Bombard Tower
48:35 Arrowslits
52:04 Coinage
Wangdangdoodle
0:39 Loom
10:33 Feudal Age
10:35 Man-at-Arms
11:19 Horse Collar
21:42 Castle Age
19:49 Double-Bit Axe
19:56 Gold Mining
21:03 Forging
20:53 Scale Mail Armor
21:52 Long Swordsman
30:57 Imperial Age
30:27 Pikeman
31:51 Wheelbarrow
36:09 Redemption
37:46 Ballistics
42:23 Fletching
42:33 Padded Archer Armor
43:06 Elite Skirmisher
44:34 Bodkin Arrow
44:54 Leather Archer Armor
47:47 Chemistry
47:23 Siege Engineers
AlexAlmi
11:11 Feudal Age
15:19 Castle Age
21:34 Double-Bit Axe
22:15 Horse Collar
26:11 Stone Mining
26:12 Gold Mining
29:15 Ballistics
30:27 Padded Archer Armor
30:20 Fletching
31:05 Bow Saw
32:01 Wheelbarrow
31:14 Loom
31:16 Town Watch
31:33 Heavy Plow
36:38 Imperial Age
35:08 Leather Archer Armor
34:56 Bodkin Arrow
37:06 Elite Conquistador
38:34 Conscription
38:18 Bracer
38:48 Ring Archer Armor
41:15 Two-Man Saw
46:56 Chemistry
47:46 Scale Barding Armor
50:47 Husbandry
50:08 Cavalier
krafrijo
11:50 Feudal Age
17:38 Castle Age
16:42 Horse Collar
16:51 Double-Bit Axe
19:28 Wheelbarrow
19:07 Bow Saw
19:37 Heavy Plow
27:54 Hand Cart
27:28 Loom
27:52 Fletching
28:03 Padded Archer Armor
28:37 Town Watch
28:59 Bodkin Arrow
29:29 Ballistics
30:11 Leather Archer Armor
30:55 Crossbowman
34:21 Imperial Age
31:54 Town Patrol
34:02 Yeomen
34:26 Arbalester
35:49 Ring Archer Armor
35:20 Bracer
36:24 Chemistry
36:29 Conscription
viverodn17
1:06 Loom
12:19 Feudal Age
16:19 Castle Age
29:38 Kamandaran
29:50 Double-Bit Axe
30:05 Fletching
31:39 Padded Archer Armor
31:35 Bodkin Arrow
35:03 Imperial Age
35:09 Imperial Age
32:41 Crossbowman
33:27 Thumb Ring
33:45 Ballistics
34:03 Leather Archer Armor
34:39 Forging
39:43 Elite Skirmisher
45:05 Ring Archer Armor
45:05 Elite Skirmisher
47:10 Conscription
47:28 Iron Casting
47:30 Scale Barding Armor
48:01 Iron Casting
skaziuwielkisz69
11:52 Feudal Age
12:29 Double-Bit Axe
13:12 Horse Collar
15:13 Wheelbarrow
18:06 Gold Mining
21:45 Castle Age
27:14 Hand Cart
28:18 Ballistics
32:17 Heavy Plow
32:52 Murder Holes
33:09 Masonry
34:48 Pikeman
39:21 Imperial Age
37:43 Forging
37:39 Scale Barding Armor
39:30 Chain Barding Armor
39:12 Padded Archer Armor
39:02 Fletching
39:49 Iron Casting
39:26 Elite Tarkan
43:02 Halberdier
Connection lost

Rejoining the realm…

Still unreachable

The connection could not be restored.

Session expired

The server has moved on; the page needs a fresh start.